 Dungeon Crawl Stone Soup version 0.32-a0-41-gec2d92a (webtiles) character file.

Game seed: 17721857614260030860

9424 Zemmie the Basher (level 11, -5/73 HPs)
             Began as a Gargoyle Fighter on Jan 26, 2024.
             Was a High Priest of Okawaru.
             Shot with a bolt by a yaktaur (30 damage)
             ... on level 12 of the Dungeon.
             The game lasted 00:29:51 (12271 turns).

Zemmie the Basher (Gargoyle Fighter)               Turns: 12271, Time: 00:29:52

Health: -5/73      AC: 19    Str: 36    XL:     11   Next: 46%
Magic:  17/17      EV: 10    Int: 12    God:    Okawaru [*****.]
Gold:   618        SH:  0    Dex:  9    Spells: 10/10 levels left

rFire   + . .        a - +4 great mace (protect)
rCold   . . .        (shield currently unavailable)
rNeg    + . .        y - +0 ring mail "Syeruir" {Str+6}
rPois   ∞            (no helmet)
rElec   +            h - +1 cloak
rCorr   +            (no gloves)
SInv    .            I - +2 pair of boots of Ignis's Castigation {*Slow rCorr Int+3}
Will    .....        (no amulet) Stlth
                     k - +6 ring of strength
HPRegen 0.32/turn    B - ring of protection from fire
MPRegen 0.15/turn

%: slow self (1%)
@: no status effects
A: sickness immunity, AC +8, negative energy resistance 1, electricity
resistance, torment resistance 1, petrification resistance
a: Renounce Religion, Heroism, Finesse, Duel


You were on level 12 of the Dungeon.
You worshipped Okawaru.
Okawaru was extremely pleased with you.
You visited 1 branch of the dungeon, and saw 12 of its levels.

You collected 618 gold pieces.

Inventory:

Hand Weapons
 a - a +4 great mace of protection (weapon)
 w - a +3 sling
 A - a +2 heavy flail
Missiles
 m - 20 poisoned darts (quivered)
 q - a throwing net
 E - 51 stones
 M - a javelin
Armour
 h - a +1 cloak (worn)
 i - a +0 pair of boots
 l - a +0 buckler
 u - a +0 chain mail
 y - the +0 ring mail "Syeruir" (worn) {Str+6}
   (You found it on level 5 of the Dungeon)

   Str+6:     It affects your strength (+6).
 I - the +2 pair of boots of Ignis's Castigation (worn) {*Slow rCorr Int+3}
   (You found it on level 10 of the Dungeon)

   Int+3:     It affects your intelligence (+3).
   rCorr:     It protects you from acid and corrosion.
   *Slow:     It may slow you when you take damage.
Magical Staves
 b - a staff of alchemy
 j - a staff of fire
Jewellery
 k - a +6 ring of strength (left hand)
 B - a ring of protection from fire (right hand)
 L - a ring of protection from cold
Wands
 n - a wand of flame (4)
 p - a wand of paralysis (8)
 s - a wand of digging (4)
 t - a wand of quicksilver (14)
 z - a wand of mindburst (11)
 F - a wand of polymorph (2)
Scrolls
 c - 2 scrolls of revelation
 g - 2 scrolls of identify
 o - 2 scrolls of immolation
 v - 2 scrolls of vulnerability
 x - a scroll of blinking
 C - a scroll of teleportation
 H - a scroll of enchant weapon {unknown}
 K - a scroll of amnesia {unknown}
Potions
 d - 3 potions of might
 e - a potion of attraction
 f - a potion of brilliance
 r - a potion of curing
 D - a potion of haste
 G - a potion of enlightenment
 J - a potion of berserk rage {unknown}


   Skills:
 + Level 10.4 Fighting
 + Level 12.2 Maces & Flails
 + Level 5.1 Armour
 - Level 3.4 Shields
 + Level 9.3 Invocations


You had 10 spell levels left.
You didn't know any spells.
Your spell library contained the following spells:

 Spells                   Type           Power      Damage    Failure   Level
 Sting                    Conj/Alch      0%         1d3       41%         1
 Mercury Vapours          Alch/Air       0%         N/A       54%         2
 Olgreb's Toxic Radiance  Alch           0%         N/A       99%         4


Dungeon Overview and Level Annotations

Branches:
Dungeon (12/15)            Temple (0/1) D:6            Lair (0/5) D:8
    Orc (0/2) D:11

Altars:
Dithmenos
Fedhas
Gozag
Makhleb
Nemelex Xobeh
Okawaru
Qazlal
Ru
Sif Muna
Uskayaw
Wu Jian
Xom
Yredelemnul
The Shining One

Annotations:
D:3 2 transporters
D:7 Jeremiah
D:8 2 transporters, wqsa789's ghost, journeyman FoFi


Innate Abilities, Weirdness & Mutations

You are immune to sickness and miasma.
Your stone body is resilient. (AC +8)
You are immune to poison.
You resist negative energy. (rN+)
You are resistant to electric shocks. (rElec)
You are resistant to unholy torment.
You are immune to petrification.


Message History

You hear a shout!
There is a staircase to the Orcish Mines here.
The orc wizard shouts!
An orc wizard is nearby!
An orc wizard is nearby!
You see here a +0 club.
Items here: )) [ ÷.
Things that are here:
a +0 flail; an orc skeleton You see here a +0 flail.
Items here: )))) [.
You see here a +0 dagger.
There is a stone staircase leading down here.
Search for what [Enter for "armor", or ? for help]? armor You climb downwards.
Reactivating autopickup.
Found a wand of quicksilver (5).
Found a stone staircase leading up.
There is a stone staircase leading up here.
t - a wand of quicksilver (14) (gained 5 charges)
There is a stone staircase leading up here.
Found a stone staircase leading down.
An acid dragon and a yaktaur come into view.
The acid dragon roars!
The yaktaur shouts!
The acid dragon spits acid at you. The splash of acid hits you! You resist.
A yaktaur comes into view.
A yaktaur comes into view.
The yaktaur shouts! x2
The yaktaur wields a +0 arbalest.
The yaktaur shoots a bolt.
The bolt hits you!
The yaktaur wields a +0 arbalest.
The yaktaur shoots a bolt.
The bolt hits you!
The yaktaur shoots a bolt.
The bolt hits you but does no damage.
The yaktaur shoots a bolt.
The bolt hits you.
The yaktaur wields a +0 arbalest.
The yaktaur shoots a bolt.
The bolt barely misses you.
The yaktaur shoots a bolt.
The bolt hits you!
The yaktaur shoots a bolt.
The bolt barely misses you. The acid dragon spits acid at you.
The splash of acid hits you. You resist.
There is a stone staircase leading up here.
The yaktaur shoots a bolt.
The bolt hits you!!
You die...

........#
..........#
..........#
.........<#
..........#
..........###
............#
............#
.......@....#
........D...#
............#
##....cc.......
#.......c>.###
#...........#
#...........#
.............
.....##..


You could see 3 yaktaurs and an acid dragon (catching breath).

Vanquished Creatures
  4 two-headed ogres
  A deep elf pyromancer (D:9)
  A cyclops (D:11)
  An unseen horror (D:10)
  A komodo dragon (D:8)
  A troll (D:10)
  A hornet (D:8)
  A shadow (D:10)
  4 yaks (D:8)
  2 wyverns
  Edmund (D:6)
  3 acid dragons
  A water moccasin (D:8)
  4 orc warriors (D:11)
  2 sky beasts (D:8)
  A black bear (D:5)
  2 ice beasts
  An ogre (D:4)
  6 centaurs
  2 phantoms
  5 kobold brigands
  4 bullfrogs
  A gnoll sergeant (D:10)
  3 scorpions
  8 wights (D:8)
  7 killer bees (D:9)
  2 howler monkeys
  An electric eel (D:11)
  4 orc priests (D:11)
  3 bombardier beetles
  2 hounds (D:5)
  2 sleepcaps
  An iguana (D:7)
  Ijyb (D:5)
  2 orc wizards (D:8)
  6 adders
  A shadow imp (D:7)
  2 white imps (D:7)
  A dart slug (D:1)
  2 ribbon worms
  27 orcs
  4 ball pythons
  4 bats
  8 endoplasms
  5 giant cockroaches
  6 goblins
  11 hobgoblins
  5 jackals
  4 quokkas
  2 frilled lizards (D:1)
  26 kobolds
  8 rats
208 creatures vanquished.

Notes
Turn   | Place    | Note
-------+----------+-------------------------------------------
     0 | D:1      | Zemmie the Gargoyle Fighter began the quest for the Orb.
     0 | D:1      | Reached XP level 1. HP: 14/14 MP: 1/1
    69 | D:1      | Reached XP level 2. HP: 19/19 MP: 2/2
   461 | D:1      | Reached XP level 3. HP: 16/23 MP: 3/3
   462 | D:1      | Reached skill level 3 in Maces & Flails
   875 | D:2      | Reached XP level 4. HP: 28/28 MP: 4/4
   954 | D:2      | Reached skill level 4 in Maces & Flails
  1271 | D:2      | You fall into a shaft and drop 2 floors!
  1331 | D:4      | Noticed an ogre
  1735 | D:3      | Found a transporter.
  1753 | D:3      | Found a transporter.
  1881 | D:3      | Found a faded altar of an unknown god.
  2592 | D:4      | Reached XP level 5. HP: 31/32 MP: 5/5
  2778 | D:4      | Reached skill level 5 in Maces & Flails
  2780 | D:4      | Found a sacrificial altar of Ru.
  2812 | D:4      | Identified the +6 falchion "Xatot" {antimagic, +Blink
                  | rPois}
  2994 | D:4      | Killed an ogre
  2995 | D:4      | Reached skill level 6 in Maces & Flails
  2995 | D:4      | Reached XP level 6. HP: 26/37 MP: 6/6
  3111 | D:4      | Found an iron altar of Okawaru.
  3122 | D:4      | Became a worshipper of Warmaster Okawaru
  3198 | D:5      | Entered Level 5 of the Dungeon
  3203 | D:5      | Noticed Ijyb
  3213 | D:5      | Killed Ijyb
  3655 | D:5      | Noticed a black bear
  3663 | D:5      | Killed a black bear
  3664 | D:5      | Reached skill level 7 in Maces & Flails
  3664 | D:5      | Reached XP level 7. HP: 41/41 MP: 7/7
  3916 | D:5      | Found a burning altar of Makhleb.
  3932 | D:5      | Reached * piety under Okawaru
  4049 | D:5      | Reached skill level 8 in Maces & Flails
  4225 | D:5      | Identified the +0 ring mail "Syeruir" {Str+6}
  4572 | D:6      | Found a sparkling altar of Nemelex Xobeh.
  4604 | D:6      | Reached XP level 8. HP: 48/48 MP: 8/8
  4615 | D:6      | Found a blossoming altar of Fedhas.
  4770 | D:6      | Reached skill level 1 in Invocations
  4851 | D:6      | Found a staircase to the Ecumenical Temple.
  4941 | D:6      | Noticed Edmund
  4958 | D:6      | Killed Edmund
  4958 | D:6      | Reached ** piety under Okawaru
  4959 | D:6      | Reached skill level 9 in Maces & Flails
  5298 | D:7      | Reached skill level 5 in Fighting
  5323 | D:7      | Noticed Jeremiah
  5368 | D:7      | Found an opulent altar of Gozag.
  5468 | D:7      | Found a basalt altar of Yredelemnul.
  5468 | D:7      | Found a shimmering altar of Xom.
  6149 | D:6      | Identified a scroll of acquirement
  6149 | D:6      | Acquired a +4 great mace of protection
  6963 | D:8      | Noticed a yak
  6963 | D:8      | Noticed a yak
  6964 | D:8      | Noticed a yak
  6971 | D:8      | Noticed a yak
  6974 | D:8      | Killed a yak
  6976 | D:8      | Killed a yak
  6977 | D:8      | Reached XP level 9. HP: 55/55 MP: 11/11
  7086 | D:8      | Found a hide-covered altar of Uskayaw.
  7093 | D:8      | Reached *** piety under Okawaru
  7107 | D:8      | Reached skill level 10 in Maces & Flails
  7109 | D:8      | Reached skill level 5 in Invocations
  7227 | D:8      | Found a stormy altar of Qazlal.
  7430 | D:8      | Noticed a hornet
  7438 | D:8      | Killed a hornet
  7737 | D:8      | Found a transporter.
  7737 | D:8      | Found a transporter.
  7925 | D:8      | Found a shimmering blue altar of Sif Muna.
  7982 | D:8      | Found a staircase to the Lair.
  7982 | D:8      | Noticed a komodo dragon
  7991 | D:8      | Reached XP level 10. HP: 64/64 MP: 14/14
  7997 | D:8      | Reached **** piety under Okawaru
  8363 | D:8      | Noticed wqsa789's ghost (journeyman FoFi)
  8365 | D:8      | Identified the ring "Beas" {Str+6 Stlth+}
  8411 | D:9      | Noticed a deep elf pyromancer
  8419 | D:9      | Killed a deep elf pyromancer
  8420 | D:9      | Reached skill level 11 in Maces & Flails
  8574 | D:9      | Identified the +1 scale mail "Haroupt" {*Corrode ^Drain
                  | rPois Int+6}
  9101 | D:9      | Noticed a two-headed ogre
  9111 | D:9      | Killed a two-headed ogre
  9308 | D:9      | Found an ornate altar of the Wu Jian Council.
  9403 | D:9      | Found a glowing golden altar of the Shining One.
  9671 | D:10     | Entered Level 10 of the Dungeon
  9749 | D:10     | Found a shadowy altar of Dithmenos.
  9783 | D:10     | Identified the +2 pair of boots of Ignis's Castigation
                  | {*Slow rCorr Int+3}
 10145 | D:10     | Killed an unseen horror
 10145 | D:10     | Reached ***** piety under Okawaru
 11036 | D:11     | Noticed a two-headed ogre
 11042 | D:11     | Killed a two-headed ogre
 11043 | D:11     | Reached XP level 11. HP: 72/72 MP: 17/17
 11114 | D:11     | Noticed a two-headed ogre
 11115 | D:11     | Reached skill level 10 in Fighting
 11120 | D:11     | Killed a two-headed ogre
 11121 | D:11     | Reached skill level 12 in Maces & Flails
 11269 | D:11     | Noticed a two-headed ogre
 11275 | D:11     | Noticed a cyclops
 11310 | D:11     | Killed a cyclops
 11315 | D:11     | Killed a two-headed ogre
 11315 | D:11     | Received a gift from Okawaru
 11360 | D:11     | Reached skill level 5 in Armour
 12017 | D:11     | Found a staircase to the Orcish Mines.
 12271 | D:12     | Shot with a bolt by a yaktaur

Illustrated notes

Levels and vault maps discovered:
D:1:      psy_arrival_statuary, layout_basic, minmay_tall_x
D:2:      layout_rooms, wad_floor_pattern_2
D:3:      gammafunk_wand_slinger, layout_basic,
          hellmonk_ecumenical_altar_prayer_group, st_stairs_3
D:4:      layout_loops_cross, nicolae_ru_awakened_eye,
          mainiacjoe_overflow_tiny_flanked, serial_glass, glass_columns_a,
          glass_columns_c
D:5:      layout_cave_pods, makhleb_blood_cavern_becter, uniq_ijyb
D:6:      layout_rooms, nemelex_spade_bored_becter, fedhas_altar_3,
          lemuel_temple_firewalk_b, uniq_edmund
D:7:      layout_cave_pods, general_overflow_altar,
          gammafunk_temple_overflow_elements, chequers_hall_statues_wall_a,
          nrook_mini_vaults, uniq_jeremiah
D:8:      layout_loops_ring, mainiacjoe_overflow_chevrons,
          mainiacjoe_overflow_boulevard, nicolae_qazlal_beasts_of_the_sky,
          david_lair_shrubbed, gammafunk_ghost_gnarly_gnolls,
          kennysheep_generic_room_15
D:9:      layout_stronghold, pdpol_wu_jian_five_deadly_venoms, tso_oasis_becter,
          minivault_22, kennysheep_potato
D:10:     minmay_distorted_concentric_squares, layout_basic,
          grunt_dithmenos_smoke_and_mirrors, nicolae_straight_to_the_point
D:11:     layout_cave_pools, erik_orc_2
D:12:     layout_rooms, minivault_11

Skill      XL: |  1  2  3  4  5  6  7  8  9 10 11 |
---------------+----------------------------------+-----
Maces & Flails | 3 4 6 7 8 9 10 11 12 | 12.2
Fighting       | 6 7 9 10 | 10.4
Invocations    | 3 6 8 9 |  9.3
Armour         | 4 5 |  5.1
Shields        | |  3.4

Action                     |  1- 3 |  4- 6 |  7- 9 | 10-12 || total
---------------------------+-------+-------+-------+-------++-------
  Melee: Flail             |   111 |   176 |   127 |       ||   414
         Great mace        |       |       |    82 |   167 ||   249
  Throw: Dart              |       |       |     1 |     6 ||     7
 Invoke: Heroism           |       |       |     1 |     6 ||     7
  Evoke: Wand              |       |       |       |     2 ||     2
    Use: Scroll            |       |       |     8 |     5 ||    13
         Potion            |       |       |     5 |       ||     5
   Stab: Sleeping          |       |       |       |     1 ||     1
 Armour: Scale mail        |    79 |   129 |       |       ||   208
         Chain mail        |       |     6 |    43 |       ||    49
         Ring mail         |       |       |    95 |   198 ||   293
  Dodge: Dodged            |    66 |    77 |    96 |   124 ||   363
  Block: Buckler           |    17 |    39 |    17 |       ||    73

Table legend: (Time is in decaauts)
 A = Elapsed time spent in this place.
 B = Non-inter-level travel time spent in this place.
 C = Inter-level travel time spent in this place.
 D = Time resting spent in this place.
 E = Time spent auto-exploring this place.
 F = Levels seen in this place.
 G = Mean time per level.
                   A        B        C        D        E       F      G
               +--------+--------+--------+--------+--------+-----+--------+
         Total |  12364 |  11674 |    690 |   3864 |   5852 |  12 | 1030.3 |
       Dungeon |  12364 |  11674 |    690 |   3864 |   5852 |  12 | 1030.3 |
               +--------+--------+--------+--------+--------+-----+--------+

Top non-repeatable levels by time:
     D:6: 1530 daAuts
     D:8: 1457 daAuts
     D:5: 1349 daAuts
     D:9: 1341 daAuts
    D:10: 1271 daAuts
    D:11: 1253 daAuts
     D:3: 1038 daAuts
     D:7: 884 daAuts
     D:1: 858 daAuts
     D:4: 840 daAuts
     D:2: 520 daAuts
    D:12: 17 daAuts
